 Dungeon Crawl Stone Soup version 0.30-a0-779-g7971cf19c3 (webtiles) character file.

Game seed: 15432575329618069655

741 Dittersdorf the Trooper (level 7, -1/44 HPs)
             Began as a Gargoyle Fighter on Feb 17, 2023.
             Was a Follower of Okawaru.
             Killed by divine providence
             ... invoked by an orc priest
              (15 damage)
             ... on level 5 of the Dungeon.
             The game lasted 00:06:52 (3854 turns).

Dittersdorf the Trooper (Gargoyle Fighter)          Turns: 3854, Time: 00:06:53

Health: -1/44      AC: 18    Str: 22    XL:     7   Next: 75%
Magic:  7/7        EV:  9    Int:  8    God:    Okawaru [*.....]
Gold:   137        SH:  6    Dex:  9    Spells: 6/6 levels left

rFire   . . .      SeeInvis .    a - +0 flail (flame)
rCold   . . .      Faith    .    c - +1 buckler
rNeg    + . .      Spirit   .    b - +0 scale mail
rPois   ∞          Reflect  .    (no helmet)
rElec   +          Harm     .    r - +1 cloak
rCorr   .          Rampage  .    (no gloves)
Will    .....                    (no boots) Stlth
                                 (no amulet)
HPRegen 0.27/turn                w - +4 ring of protection
MPRegen 0.10/turn                (no ring)

@: no status effects
A: sickness immunity, AC +4, negative energy resistance 1, electricity
resistance, torment resistance 1, petrification resistance
a: Renounce Religion, Heroism


You were on level 5 of the Dungeon.
You worshipped Okawaru.
Okawaru was aware of your devotion.
You visited 2 branches of the dungeon, and saw 6 of its levels.
You also visited: Ossuary.

You collected 137 gold pieces.

Inventory:

Hand Weapons
 a - a +0 flail of flaming (weapon)
Missiles
 m - 5 poisoned darts (quivered)
Armour
 b - a +0 scale mail (worn)
 c - a +1 buckler (worn)
 r - a +1 cloak (worn)
Jewellery
 w - a +4 ring of protection (left hand)
Wands
 p - a wand of iceblast (4)
 x - a wand of digging (7)
Scrolls
 f - 3 scrolls of fog
 g - a scroll of teleportation {unknown}
 j - a scroll of poison
 o - a scroll of fear {unknown}
 s - 3 scrolls of enchant weapon {unknown}
 t - a scroll of brand weapon
 u - a scroll of acquirement {unknown}
Potions
 d - a potion of cancellation {unknown}
 e - 2 potions of magic
 h - 2 potions of brilliance
 i - a potion of invisibility
 k - a potion of attraction {unknown}
 l - a potion of haste {unknown}
 q - a potion of lignification {unknown}
 v - 2 potions of might
 z - a potion of mutation {unknown}
 A - 2 potions of flight


   Skills:
 + Level 5.6 Fighting
 + Level 4.5 Maces & Flails
 + Level 5.5 Armour
 + Level 5.5 Shields


You had 6 spell levels left.
You didn't know any spells.
Your spell library contained the following spells:

 Spells                   Type           Power      Damage    Failure   Level
 Apportation              Tloc           0%         N/A       80%         1
 Beastly Appendage        Tmut           0%         N/A       80%         1
 Necrotise                Necr           0%         1d4       80%         1
 Wereblood                Tmut           0%         N/A       91%         2
 Spider Form              Tmut/Pois      0%         N/A       99%         3
 Summon Small Mammal      Summ           Unusable   N/A       N/A         1
 Call Canine Familiar     Summ           Unusable   N/A       N/A         3
 Summon Guardian Golem    Hex/Summ       Unusable   N/A       N/A         3

Dungeon Overview and Level Annotations

Branches:
Dungeon (5/15)             Temple (1/1) D:5         Ossuary (visited)

Altars:
Ashenzari
Cheibriados
Elyvilon
Fedhas
Makhleb
Okawaru
Qazlal
Sif Muna
Trog
Uskayaw
Vehumet
Xom
Yredelemnul
Zin
The Shining One

Shops:
D:1 ?

Annotations:
D:2 1 runed translucent door, Crazy Yiuf


Innate Abilities, Weirdness & Mutations

You are immune to sickness and miasma.
Your stone body is resilient. (AC +4)
You are immune to poison.
You resist negative energy. (rN+)
You are resistant to electric shocks. (rElec)
You are resistant to unholy torment.
You are immune to petrification.


Message History

The adder is severely wounded.
The adder bites you but does no damage. You block the adder's attack.
You closely miss the adder.
The adder is severely wounded.
You block the adder's attack.
The orc priest calls down the wrath of Beogh upon you.
Beogh smites you! The adder bites you but does no damage.
The orc barely misses you.
You are too injured to fight recklessly!
You are too injured to fight recklessly!
You are too injured to fight recklessly!
You are too injured to fight recklessly!
You are too injured to fight recklessly!
You are too injured to fight recklessly!
You are too injured to fight recklessly!
You are too injured to fight recklessly!
You are too injured to fight recklessly!
You are too injured to fight recklessly!
You are too injured to fight recklessly!
You are too injured to fight recklessly!
You are too injured to fight recklessly!
You are too injured to fight recklessly!
You are too injured to fight recklessly!
You are too injured to fight recklessly!
The adder bites you but does no damage. The orc hits you with a +0 hand axe.
The adder attacks as you move away! The adder barely misses you.
The orc hits you with a +0 hand axe.
* * * LOW HITPOINT WARNING * * *
The orc priest hits you but does no damage.
You closely miss the orc priest. The adder closely misses you.
The adder barely misses you. The orc hits you but does no damage.
The orc priest barely misses you.
You barely miss the orc priest. You block the adder's attack.
The orc hits you but does no damage.
The orc priest hits you but does no damage.
You barely miss the orc priest. The adder bites you but does no damage.
The orc hits you but does no damage.
The orc priest calls down the wrath of Beogh upon you.
Beogh smites you!
You die...

## ****** .# *******,,,,, .#
*##***,,,,,,,***, .#####
*..,,,,,,,,,,* *, .....#
*.#**,,,***,,***, .##..#######
*.# *,,,***,,,,,, ...#.......##
##.##*,.,,,,,,,,,,
###[.#.##...####...##...,**,*,,,,
###.............@.......,**,,,<**
.....#.#....##.Soo......,,,,*,***
####.#..........).......,,,,,,,,,
#.###.#####.......###*****,***
#)# #.# ###....## *,* #[# #.###
#....# *,* ####)###..<# ##.#.#
*,* .#.....#...#### *.#.# *,*
##.###.#......#**.#,# *,***


You could see an orc priest, an adder and an orc.

Vanquished Creatures
  Eustachio (D:5)
  A phantom (D:4)
  3 water moccasin zombies (Ossuary)
  A hound (D:5)
  An orc priest (D:5)
  Ijyb (D:3)
  2 orc wizards (D:5)
  3 mummies
  6 adders
  3 gnolls (D:5)
  A shadow imp (D:5)
  2 adder zombies (Ossuary)
  A worm (D:2)
  2 dart slugs
  An orc (D:5)
  8 bats
  6 endoplasms
  4 giant cockroaches
  5 gnoll zombies (Ossuary)
  3 hobgoblins
  2 jackals (D:2)
  5 quokkas
  3 ball pythons
  4 frilled lizards
  5 goblins
  A goblin zombie (D:5)
  6 hobgoblin zombies (Ossuary)
  3 kobolds
  4 kobold zombies
  6 orc zombies (Ossuary)
  9 rats
103 creatures vanquished.

Notes
Turn   | Place    | Note
-------+----------+-------------------------------------------
     0 | D:1      | Dittersdorf the Gargoyle Fighter began the quest for the
                  | Orb.
     0 | D:1      | Reached XP level 1. HP: 14/14 MP: 1/1
    53 | D:1      | Found Yssecur's Magic Scroll Shop.
   248 | D:1      | Reached XP level 2. HP: 19/19 MP: 2/2
   760 | D:2      | Found a runed translucent door.
   760 | D:2      | Identified the +3 hammer of Painful Death {freeze, rF-
                  | rCorr Int+4}
   761 | D:2      | Noticed Crazy Yiuf
   820 | D:2      | Reached XP level 3. HP: 23/24 MP: 3/3
   824 | D:2      | Found a shimmering altar of Xom.
   906 | D:2      | You fall into a shaft and drop 1 floor!
   907 | D:3      | yay!
   968 | D:3      | Identified the +4 dagger of War {heavy, rCorr}
  1469 | D:2      | Reached XP level 4. HP: 29/29 MP: 4/4
  1863 | D:3      | Noticed Ijyb
  1879 | D:3      | Killed Ijyb
  1880 | D:3      | Reached XP level 5. HP: 33/33 MP: 5/5
  2233 | D:4      | Found a blossoming altar of Fedhas.
  2234 | D:4      | Found a burning altar of Makhleb.
  2235 | D:4      | Found a white marble altar of Elyvilon.
  2446 | D:4      | Noticed a phantom
  2469 | D:4      | Killed a phantom
  2943 | D:4      | Found a radiant altar of Vehumet.
  3031 | D:5      | Entered Level 5 of the Dungeon
  3046 | D:5      | Reached XP level 6. HP: 32/39 MP: 6/6
  3054 | D:5      | Found a staircase to the Ecumenical Temple.
  3062 | Temple   | Entered the Ecumenical Temple
  3072 | Temple   | Became a worshipper of Warmaster Okawaru
  3160 | D:5      | Found a sand-covered staircase.
  3181 | D:5      | Noticed Eustachio
  3224 | D:5      | HP: 1/40 [Eustachio/+0 rapier (5)]
  3238 | D:5      | HP: 1/40 [Eustachio/+0 rapier (4)]
  3247 | D:5      | Killed Eustachio
  3247 | D:5      | Reached * piety under Okawaru
  3248 | D:5      | Reached skill level 5 in Fighting
  3248 | D:5      | Reached skill level 5 in Armour
  3248 | D:5      | Reached skill level 5 in Shields
  3248 | D:5      | Reached XP level 7. HP: 14/44 MP: 7/7
  3262 | Ossuary  | Entered an ossuary
  3854 | D:5      | Killed from afar by an orc priest

Illustrated notes

####
#..
#.#
#@#
#.#
#.#
#.#
#.#
#.#
#.#
#.#


Turn 907 on D:3: yay!

Levels and vault maps discovered:
D:1:      dpeg_arrival_subterranean_lakeside_camping, layout_basic,
          serial_shops, shop, minivault_14
D:2:      layout_loops_cross, basic_altar, minmay_guardbox,
          uniq_crazy_yiuf_cottage
D:3:      layout_basic, uniq_ijyb
D:4:      layout_loops_corners, nicolae_vehumet_altar_sigil,
          chequers_temple_overflow_statue_of_worship,
          hangedman_abyss_or_decor_passed, hangedman_decor_opposing,
          grunt_ministairs_3
D:5:      layout_loops_ring, minmay_temple_entry_glassed_door,
          nicolae_ossuary_entry_giza, gammafunk_ghost_necromancy,
          kennysheep_generic_room_16, uniq_eustachio
Temple:   hellmonk_temple_two_chambers

Skill      XL: |  1  2  3  4  5  6 |
---------------+-------------------+-----
Fighting       | 4 5 |  5.6
Armour         | 4 5 |  5.5
Shields        | 4 5 |  5.5
Maces & Flails | 3 4 |  4.5

Action                     |  1- 3 |  4- 6 |  7- 9 || total
---------------------------+-------+-------+-------++-------
  Melee: Flail             |   127 |   246 |    92 ||   465
  Throw: Dart              |       |     5 |       ||     5
    Use: Scroll            |       |    16 |     1 ||    17
         Potion            |       |     2 |       ||     2
 Armour: Scale mail        |    87 |   155 |    38 ||   280
  Dodge: Dodged            |    79 |   111 |    37 ||   227
  Block: Buckler           |    29 |    68 |    15 ||   112

Table legend: (Time is in decaauts)
 A = Elapsed time spent in this place.
 B = Non-inter-level travel time spent in this place.
 C = Inter-level travel time spent in this place.
 D = Time resting spent in this place.
 E = Time spent auto-exploring this place.
 F = Levels seen in this place.
 G = Mean time per level.
                   A        B        C        D        E       F      G
               +--------+--------+--------+--------+--------+-----+--------+
         Total |   3983 |   3795 |    188 |    114 |   2633 |   7 |  569.0 |
       Dungeon |   3670 |   3482 |    188 |     21 |   2551 |   5 |  734.0 |
        Temple |     14 |     14 |      0 |      0 |      0 |   1 |   14.0 |
       Ossuary |    298 |    298 |      0 |     93 |     82 |   1 |  298.0 |
               +--------+--------+--------+--------+--------+-----+--------+

Top non-repeatable levels by time:
     D:4: 1005 daAuts
     D:2: 839 daAuts
     D:1: 753 daAuts
     D:5: 544 daAuts
     D:3: 528 daAuts
 Ossuary: 298 daAuts
  Temple: 14 daAuts
